 Dungeon Crawl Stone Soup version 0.27.1-33-g824d729ab1 (webtiles) character file.

Game seed: 10488419032363069205

77 McKennaii the Conjurer (level 3, -1/26 HPs)
             Began as a Demigod Conjurer on Dec 17, 2021.
             Slain by an orc wizard (3 damage)
             ... on level 2 of the Dungeon.
             The game lasted 00:03:18 (3029 turns).

McKennaii the Conjurer (Demigod Conjurer)           Turns: 3029, Time: 00:03:18

Health: -1/26      AC:  3    Str:  8    XL:     3   Next: 92%
Magic:  2/11       EV: 12    Int: 24    God:
Gold:   73         SH:  5    Dex: 12    Spells: 6/9 levels left

rFire    . . .     SeeInvis .   (no weapon)
rCold    . . .     Faith    .   (no shield)
rNeg     . . .     Spirit   .   a - +0 robe
rPois    .         Reflect  +   (no helmet)
rElec    .         Harm     .   h - +0 cloak
rCorr    .         Rampage  .   (no gloves)
Will     .....                  (no boots)
Stlth    ++........             c - amulet of reflection
HPRegen  0.08/turn              (no ring)
MPRegen  0.12/turn              (no ring)

@: no status effects
A: high mp 1, forlorn
a: no special abilities


You were on level 2 of the Dungeon.
You visited 1 branch of the dungeon, and saw 3 of its levels.

You collected 73 gold pieces.

Inventory:

Armour
 a - a +0 robe (worn)
 h - a +0 cloak (worn)
Jewellery
 c - an amulet of reflection (around neck)
 e - a ring of ice
 g - a +6 ring of strength
Scrolls
 b - a scroll of amnesia {unknown}
 d - 3 scrolls of identify {unknown}
Potions
 f - a potion of curing {unknown}


   Skills:
 - Level 1.7 Dodging
 - Level 1.7 Stealth
 + Level 3.7 Spellcasting
 - Level 3.7 Conjurations


You had 6 spell levels left.
You knew the following spells:

 Your Spells              Type           Power      Damage    Failure   Level
a - Magic Dart            Conj           88%        1d7       2%          1
b - Searing Ray           Conj           44%        3d4       3%          2

Your spell library contained the following spells:

 Spells                   Type           Power      Damage    Failure   Level
 Beastly Appendage        Tmut           8%         N/A       10%         1
 Dazzling Flash           Conj/Hex       26%        N/A       14%         3
 Ensorcelled Hibernation  Hex/Ice        8%         N/A       16%         2
 Wereblood                Tmut           4%         N/A       16%         2
 Frozen Ramparts          Ice            8%         1d2       30%         3
 Spider Form              Tmut/Pois      2%         N/A       30%         3
 Fulminant Prism          Conj/Hex       6%         3d7       43%         4
 Iskenderun's Mystic Bla  Conj/Tloc      13%        2d5       43%         4
 Ice Form                 Ice/Tmut       4%         N/A       69%         4
 Summon Ice Beast         Ice/Summ       4%         N/A       69%         4
 Alistair's Intoxication  Tmut/Pois      2%         N/A       95%         5
 Borgnjor's Vile Clutch   Necr/Erth      2%         N/A       95%         5
 Eringya's Noxious Bog    Tmut/Pois      2%         N/A       100%        6
 Shadow Creatures         Summ           N/A        N/A       100%        6


Dungeon Overview and Level Annotations

Branches:
Dungeon (3/15)

Shops:
D:2 *


Innate Abilities, Weirdness & Mutations

Your attributes grow dramatically as you level up.
You have an increased reservoir of magic. (+10% MP)
You shall have no god before yourself.


Message History

Something hits you.
You climb upwards.
Reactivating autopickup.
There is a stone staircase leading down here.
Casting: Magic Dart (safe; 2% risk of failure)
Confirm with . or Enter, or press ? or * to list all spells.
Aiming: Searing Ray (safe; 3% risk of failure)
Press: ? - help, Shift-Dir - straight line (Press . to maintain the ray.)
Something hits you.
Deactivating autopickup; reactivate with Ctrl-A.
Unknown command.
The searing ray hits something.
Something hits you but does no damage.
Unknown command.
The searing ray hits something.
Something hits you.
Unknown command.
You finish channeling your searing ray.
Something hits you.
Unknown command.
You closely miss something. Something hits you.
* * * LOW HITPOINT WARNING * * *
You closely miss something.
You hear some strange, mumbled words.
Something tries to affect you, but you resist.
You hit something but do no damage. Something hits you but does no damage.
Unknown command.
You closely miss something. Something hits you but does no damage.
You barely miss something. You block something's attack.
You hit something but do no damage. Something hits you.
* * * LOW HITPOINT WARNING * * *
You miss something. Something completely misses you.
You completely miss something.
You hear some strange, mumbled words.
Something tries to affect you, but you resist.
You barely miss something. Something hits you.
* * * LOW HITPOINT WARNING * * *
You closely miss something. Something hits you but does no damage.
You closely miss something. Something hits you.
* * * LOW HITPOINT WARNING * * *
You miss something. Something hits you.
You die...

#.....# #....#
##.....#######...#
.................#
##.....#######...#
.......# #...#
#......# #...#
#.#.#.## #...#
#.#.#.########.#{#
#.#.#.#.....##.#@#
#...#.#.....##.###
#####.#.....##.#
......#.....##.#
#######.....##.#
...............#
#######.....####
...# ####### #.##


There were no monsters in sight!

Vanquished Creatures
  An adder (D:2)
  A worm (D:2)
  3 dart slugs
  2 orcs (D:3)
  A bat (D:3)
  7 endoplasms
  6 giant cockroaches
  6 goblins
  5 hobgoblins
  4 jackals (D:2)
  A quokka (D:2)
  5 ball pythons
  A ball python zombie (D:3)
  3 frilled lizards (D:1)
  A kobold (D:1)
  5 rats (D:2)
52 creatures vanquished.

Vanquished Creatures (others)
  2 fungi (D:1)
  2 plants (D:1)
4 creatures vanquished.

Grand Total: 56 creatures vanquished

Notes
Turn   | Place    | Note
-------+----------+-------------------------------------------
     0 | D:1      | McKennaii the Demigod Conjurer began the quest for the Orb.
     0 | D:1      | Reached XP level 1. HP: 14/14 MP: 5/5
   466 | D:1      | Reached XP level 2. HP: 20/20 MP: 1/7
  1474 | D:2      | Reached XP level 3. HP: 26/26 MP: 5/10
  1950 | D:2      | Found Lapideug's General Store.
  2063 | D:2      | Learned a level 2 spell: Searing Ray
  3029 | D:2      | Slain by an orc wizard

Illustrated notes

Levels and vault maps discovered:
D:1:      ncdulo_halloftheorcs, layout_basic, shapermc_ecumenical_altar_petra
D:2:      layout_basic, serial_shops, nicolae_diamond_shop
D:3:      layout_rooms, nicolae_yredelemnul_corpse_copse, cheibrodos_gnoll_hut

Skill      XL: |  1  2 |
---------------+-------+-----
Spellcasting   | 2 3 |  3.7
Dodging        | |  1.7
Stealth        | |  1.7
Conjurations   | |  3.7

Action                   || total
-------------------------++-------
Melee: Unarmed           ||    48
 Cast: Magic Dart        ||   130
       Searing Ray       ||     2
Armor: Robe              ||    10
Dodge: Dodged            ||    31
Block: Other             ||     8
